 Dungeon Crawl Stone Soup version bcrawl-1.13-2-g5ca86534bc (webtiles) character file.

Game seed: 12272797401123643691

539 MisterOstroum the Sneak (level 7, -7/41 HPs)
             Began as a Vine Stalker Enchanter on July 29, 2019.
             Was a Follower of Uskayaw.
             Mangled by an ogre
             ... wielding a +0 giant club
              (11 damage)
             ... on level 5 of the Dungeon on July 31, 2019.
             The game lasted 00:31:16 (3916 turns).

MisterOstroum the Sneak (Vine Stalker Enchanter)    Turns: 3916, Time: 00:31:17

Health: -7/41      AC:  6    Str: 10    XL:     7   Next: 26%
Magic:  0/12       EV: 13    Int: 15    God:    Uskayaw [*.....]
Gold:   436        SH:  0    Dex: 17    Spells: 3/12 levels left

rFire    + . .     SeeInvis .   a - +2 dagger
rCold    . . .     Gourm    .   (no shield)
rNeg     . . .     Faith    .   m - +2 robe {rF+}
rPois    .         Spirit   .   k - +0 helmet
rElec    .         Reflect  .   f - +0 cloak
rCorr    .         Harm     .   (no gloves)
MR       .....                  (no boots)
Stlth    +++.......             (no amulet)
HPRegen  0.53/turn              (no ring)
MPRegen  0.13/turn              (no ring)

@: very slightly contaminated
A: fangs 3, regeneration 1, no potion heal 3, rot immunity, strong jaws
a: Stomp, Renounce Religion


You were on level 5 of the Dungeon.
You worshipped Uskayaw.
Uskayaw was noncommittal.
You were very hungry.

You visited 2 branches of the dungeon, and saw 6 of its levels.

You collected 436 gold pieces.

Inventory:

Hand Weapons
 a - a +2 dagger (weapon)
 i - a +0 short sword
 n - a +0 great sword
 z - a +0 shortbow
Missiles
 c - 641 stones (quivered)
 g - 160 exploding tomahawks
 A - 422 arrows
Armour
 f - a +0 cloak (worn)
 k - a +0 helmet (worn)
 m - a +2 robe of fire resistance (worn)
Wands
 F - a wand of disintegration (11)
Scrolls
 d - 4 scrolls of fog {!r}
 o - a scroll of teleportation {@r3 !r}
 q - 2 scrolls of remove curse
 r - 2 scrolls of fear {unknown}
 w - 2 scrolls of amnesia {unknown}
 y - a scroll of enchant armour {unknown}
 H - a scroll of noise {unknown}
Potions
 l - a potion of might {unknown}
 s - 2 potions of curing
 u - a potion of flight {unknown}
 x - a potion of mutation {unknown}
 B - a potion of ambrosia {unknown}
 C - 2 potions of degeneration {unknown}
 D - 3 potions of invisibility
 E - a potion of lignification {unknown}
 I - a potion of brilliance {unknown}
Comestibles
 e - 11 rations {!d}


   Skills:
 + Level 3.3 Fighting
 + Level 3.2 Short Blades
 - Level 2.0 Dodging
 - Level 5.5 Stealth
 - Level 3.0 Spellcasting
 - Level 4.0 Hexes
 * Level 2.7 Ice Magic


You had 3 spell levels left.
You knew the following spells:

 Your Spells              Type           Power        Failure   Level  Hunger
a - Corona                Hex            ##.....      3%          1    #......
b - Ensorcelled Hibernat  Hex/Ice        ##....       8%          2    ##.....
c - Confuse               Hex            ##......     12%         3    ###....
d - Tukima's Dance        Hex            ##......     12%         3    ###....

Your spell library contained the following spells:

 Spells                   Type           Power        Failure   Level  Hunger
 Dazzling Spray           Conj/Hex       #.....       26%         3    ###....


Dungeon Overview and Level Annotations

Branches:
Dungeon (5/12)             Temple (1/1) D:4

Altars:
Cheibriados
Elyvilon
Gozag
Hepliaklqana
Kikubaaqudgha
Lugonu
Nemelex Xobeh
Okawaru
Ru
Uskayaw
Wu Jian
Xom
Yredelemnul
Zin
The Shining One


Innate Abilities, Weirdness & Mutations

You have razor-sharp teeth.
Your natural rate of healing is unusually fast.
Potions cannot restore your health.
You are immune to rotting.
Your bites deal extra damage.


Message History

You are feeling hungry.
Found a stone staircase leading up.
Found an ornate altar of the Wu Jian Council.
Found a shimmering altar of Xom.
An orc comes into view. It is wielding a -2 mace.
An orc is nearby!
The orc shouts!
Casting: Ensorcelled Hibernation (safe; 8% risk of failure)
Confirm with . or Enter, or press ? or * to list all spells.
Aiming: Ensorcelled Hibernation (safe; 8% risk of failure)
Press: ? - help, Shift-Dir - straight line, f - orc
Aim: an orc, wielding a -2 mace (chance to defeat MR: 61%)
The orc looks drowsy...
The helpless orc fails to defend itself.
You impale the orc!!
You kill the orc!
You now have 419 gold pieces (gained 13).
Magic restored.
You see here a cursed -2 mace.
There is a stone staircase leading up here.
A howler monkey comes into view.
A howler monkey is nearby!
The helpless howler monkey fails to defend itself.
You impale the howler monkey!!
You kill the howler monkey!
Found a stone staircase leading down.
Found a stone staircase leading up.
You now have 436 gold pieces (gained 17).
The ogre is too close now for your liking.
The ogre shouts!
You see here a scroll labeled KUASCH PAQORGH.
Casting: Ensorcelled Hibernation (safe; 8% risk of failure)
Confirm with . or Enter, or press ? or * to list all spells.
Aiming: Ensorcelled Hibernation (safe; 8% risk of failure)
Press: ? - help, Shift-Dir - straight line, f - ogre
Aim: an ogre, wielding a +0 giant club (chance to defeat MR: 43%)
You miscast Ensorcelled Hibernation.
You are very lightly contaminated with residual magic.
Nothing appears to happen.
Casting: Ensorcelled Hibernation (safe; 8% risk of failure)
Confirm with . or Enter, or press ? or * to list all spells.
Aiming: Ensorcelled Hibernation (safe; 8% risk of failure)
Press: ? - help, Shift-Dir - straight line, f/p - ogre
Aim: an ogre, wielding a +0 giant club (chance to defeat MR: 43%)
The ogre resists with some effort.
Casting: Ensorcelled Hibernation (safe; 8% risk of failure)
Confirm with . or Enter, or press ? or * to list all spells.
Aiming: Ensorcelled Hibernation (safe; 8% risk of failure)
Press: ? - help, Shift-Dir - straight line, f/p - ogre
Aim: an ogre, wielding a +0 giant club (chance to defeat MR: 43%)
The ogre resists with some effort.
You are feeling very hungry.
The ogre misses you.
There isn't anything to butcher here.
Casting: Ensorcelled Hibernation (safe; 8% risk of failure)
Confirm with . or Enter, or press ? or * to list all spells.
Aiming: Confuse (safe; 12% risk of failure)
Press: ? - help, Shift-Dir - straight line, f/p - ogre
Aim: an ogre, wielding a +0 giant club (chance to defeat MR: 45%)
The ogre resists with some effort.
The ogre completely misses you.
Casting: Confuse (safe; 12% risk of failure)
Confirm with . or Enter, or press ? or * to list all spells.
Aiming: Ensorcelled Hibernation (safe; 8% risk of failure)
Press: ? - help, Shift-Dir - straight line, f/p - ogre
Aim: an ogre, wielding a +0 giant club (chance to defeat MR: 43%)
You miscast Ensorcelled Hibernation.
Multicoloured lights dance before your eyes!
The ogre barely misses you.
Casting: Ensorcelled Hibernation (safe; 8% risk of failure)
Confirm with . or Enter, or press ? or * to list all spells.
Aiming: Ensorcelled Hibernation (safe; 8% risk of failure)
Press: ? - help, Shift-Dir - straight line, f/p - ogre
Aim: an ogre, wielding a +0 giant club (chance to defeat MR: 43%)
The ogre resists with some effort.
The ogre hits you with a +0 giant club!!
Ouch! That really hurt!
There is a stone staircase leading up here.
There is a stone staircase leading up here.
You hit the ogre but do no damage. You bite the ogre.
The ogre is moderately wounded.
The ogre closely misses you.
Casting: Ensorcelled Hibernation (safe; 8% risk of failure)
Confirm with . or Enter, or press ? or * to list all spells.
Aiming: Ensorcelled Hibernation (safe; 8% risk of failure)
Press: ? - help, Shift-Dir - straight line, f/p - ogre
Aim: an ogre, wielding a +0 giant club (moderately wounded, chance to defeat MR: 43%)
The ogre resists with some effort.
The ogre hits you with a +0 giant club!
You hit the ogre.
The ogre is moderately wounded.
You hit the ogre.
The ogre is heavily wounded.
The ogre hits you with a +0 giant club!
* * * LOW HITPOINT WARNING * * *
Casting: Ensorcelled Hibernation (safe; 8% risk of failure)
Confirm with . or Enter, or press ? or * to list all spells.
Aiming: Ensorcelled Hibernation (safe; 8% risk of failure)
Press: ? - help, Shift-Dir - straight line, f/p - ogre
Aim: an ogre, wielding a +0 giant club (heavily wounded, chance to defeat MR: 43%)
The ogre resists with some effort.
The ogre hits you with a +0 giant club!
You die...

###.# #.. #...# ##...........
....## #........... .....###
#####...........# ..##...#
####...............
..###..###.##..............# ..#
#...#.!.#.....# #.....# ..#
#.......#....# #...# .#.
..###...........@## #?.# ...
.................O######.## ....
#.............##....##...##
.....
#.............####........##....
#............## ###.........##
.......#####.# #......>....#
.<....## #..## #.#.........#
._...## #.#.## ##.##...##...#
###.## ####.# #.<##..## #...#


You could see an ogre.

Vanquished Creatures
  A centaur (D:4)
  A howler monkey (D:5)
  A crimson imp (D:4)
  4 hounds
  A gnoll shaman (D:4)
  An iguana (D:4)
  2 worker ants (D:4)
  3 gnolls
  5 adders
  A worm (D:2)
  3 dart slugs
  6 leopard geckos
  7 orcs
  3 giant cockroaches
  8 goblins
  9 hobgoblins
  10 kobolds
  2 quokkas
  4 ball pythons
  7 bats
  4 frilled lizards
  A jackal zombie (D:5)
  2 rats (D:2)
86 creatures vanquished.

Notes
Turn   | Place    | Note
-------+----------+-------------------------------------------
     0 | D:1      | MisterOstroum the Vine Stalker Enchanter began the quest
                  | for the Orb.
     0 | D:1      | Reached XP level 1. HP: 10/10 MP: 4/4
   165 | D:1      | Reached XP level 2. HP: 15/15 MP: 4/6
   172 | D:1      | Learned a level 2 spell: Ensorcelled Hibernation
   251 | D:1      | Reached skill level 5 in Stealth
   510 | D:1      | Reached XP level 3. HP: 19/19 MP: 7/7
  1080 | D:2      | Reached skill level 1 in Short Blades
  1238 | D:2      | Reached XP level 4. HP: 24/24 MP: 6/8
  1386 | D:2      | Learned a level 3 spell: Confuse
  1489 | D:2      | Reached skill level 1 in Fighting
  1846 | D:3      | Found a corrupted altar of Lugonu.
  2122 | D:4      | Noticed a centaur
  2123 | D:4      | Reached XP level 5. HP: 30/30 MP: 9/9
  2128 | D:4      | Killed a centaur
  2128 | D:4      | Reached skill level 1 in Ice Magic
  2264 | D:4      | Found a staircase to the Ecumenical Temple.
  2272 | D:3      | Gained mutation: You have razor-sharp teeth. [Vine Stalker
                  | growth]
  2272 | D:3      | Reached XP level 6. HP: 36/36 MP: 0/10
  2356 | D:3      | Learned a level 3 spell: Tukima's Dance
  2452 | Temple   | Entered the Ecumenical Temple
  2563 | Temple   | Upgraded the game from bcrawl-1.13-1-g4ae1fcee6e to
                  | bcrawl-1.13-2-g5ca86534bc
  2576 | Temple   | Became a worshipper of Uskayaw the Reveler
  2594 | D:4      | Reached * piety under Uskayaw
  2656 | D:4      | Reached ** piety under Uskayaw
  3059 | D:5      | Entered Level 5 of the Dungeon
  3134 | D:5      | Found a white marble altar of Elyvilon.
  3240 | D:5      | Reached XP level 7. HP: 16/41 MP: 6/12
  3770 | D:5      | Found an ornate altar of the Wu Jian Council.
  3775 | D:5      | Found a shimmering altar of Xom.
  3916 | D:5      | Mangled by an ogre

Skill      XL: |  1  2  3  4  5  6 |
---------------+-------------------+-----
Stealth        | 5 |  5.5
Short Blades   | 1 2 3 |  3.2
Hexes          | 4 |  4.0
Fighting       | 1 2 3 |  3.3
Ice Magic      | 1 2 |  2.7
Spellcasting   | 3 |  3.0
Dodging        | |  2.0

Action                   |  1- 3 |  4- 6 |  7- 9 || total
-------------------------+-------+-------+-------++-------
Melee: Dagger            |    47 |    47 |    17 ||   111
       Short sword       |    69 |       |       ||    69
       Great sword       |     4 |    29 |       ||    33
       Bite              |     4 |     3 |     1 ||     8
Throw: Stone             |    20 |     9 |     3 ||    32
 Cast: Corona            |    10 |     3 |       ||    13
       Ensorcelled Hiber |    20 |    22 |    13 ||    55
       Confuse           |       |     3 |     3 ||     6
Invok: Stomp             |       |     1 |       ||     1
  Use: Scroll            |       |       |     8 ||     8
 Stab: Sleeping          |    16 |    21 |     6 ||    43
       Confused          |       |     1 |       ||     1
  Eat: Chunk             |     3 |     8 |     2 ||    13
Armor: Robe              |    36 |     6 |    11 ||    53
Dodge: Dodged            |    91 |    59 |    27 ||   177
